AoeStats
← TRX

Arena

510104091Analyzed
1v1 RM · 2d ago on Sep 29, 2026· 29m 17s· 2 players
Game mode
Random Map
Map size
Tiny (2 player)
Population
200
Speed
Normal
Resources
Standard
Victory
Conquest
Starting age
Dark Age
Ending age
Imperial Age
RankedLock teamsTeams togetherTeam positionsShared explorationLock speedFull tech treeHidden civsTurbo modeCheats
Victory
Defeat
🇦🇺 Ethiopians · Australia
1309
+16
🇺🇸 Spanish · United States
1309
-16
L Saille
10:08 Feudal Age
14:17 Castle Age
23:35 Imperial Age
TRX
10:54 Feudal Age
15:18 Castle Age
13:51 Double-Bit Axe
14:12 Loom
21:18 Bloodlines
23:11 Husbandry
23:32 Horse Collar
24:32 Light Cavalry
26:01 Scale Barding Armor
Connection lost

Rejoining the realm…

Still unreachable

The connection could not be restored.

Session expired

The server has moved on; the page needs a fresh start.